 Dungeon Crawl Stone Soup version 0.21.1-1-g345015f (webtiles) character file.

200 JeffiDaFish the Digger (level 5, 0/28 HPs)
             Began as a Gargoyle Earth Elementalist on Feb 16, 2018.
             Slain by Firecrotchwizard's ghost (11 damage)
             ... on level 3 of the Dungeon.
             The game lasted 00:06:53 (2468 turns).

JeffiDaFish the Digger (GrEE)                       Turns: 2468, Time: 00:06:53

Health: 0/28       AC:  6    Str: 11    XL:     5   Next: 79%
Magic:  0/11       EV: 12    Int: 17    God:
Gold:   139        SH:  0    Dex: 10    Spells: 3/12 levels left

rFire    . . .     SeeInvis .   g - +3 dagger
rCold    . . .     Gourm    .   (no shield)
rNeg     + . .     Faith    .   c - +0 robe
rPois    ∞         Spirit   .   (no helmet)
rElec    +         Reflect  .   (no cloak)
rCorr    .         Harm     .   (no gloves)
MR       .....                  (no boots)
Stlth    ++........             f - amulet of regeneration
HPRegen  0.49/turn              (no ring)
MPRegen  0.12/turn              (no ring)

@: no status effects
A: negative energy resistance 1, electricity resistance, unbreathing,
petrification resistance, rot immunity, AC +4
a: no special abilities


You were on level 3 of the Dungeon.
You were hungry.

You visited 1 branch of the dungeon, and saw 3 of its levels.

You collected 139 gold pieces.

Inventory:

Hand Weapons
 g - a +3 dagger (weapon)
 m - a +0 morningstar
Missiles
 b - 109 stones (quivered)
Armour
 c - a +0 robe (worn)
Jewellery
 f - an amulet of regeneration (around neck)
Wands
 k - a wand of clouds (5)
Scrolls
 a - a scroll of fear
 h - 2 scrolls of identify
 i - 4 scrolls of remove curse
 j - 2 scrolls of teleportation
Potions
 o - 2 potions of ambrosia
Books
 e - a book of Geomancy

   Spells                             Type                      Level
   a - Sandblast                      Earth                        1
   b - Passwall                       Transmutation/Earth          2
   c - Stone Arrow                    Conjuration/Earth            3
   d - Petrify                        Transmutation/Earth          4
   e - Lee's Rapid Deconstruction     Earth                        5
Comestibles
 d - 9 rations
 n - 2 chunks of flesh


   Skills:
 - Level 1.5 Dodging
 - Level 2.1 Stealth
 + Level 4.0 Spellcasting
   Level 0.7 Transmutations
 + Level 5.9 Earth Magic


You had 3 spell levels left.
You knew the following spells:

 Your Spells              Type           Power        Failure   Level  Hunger
a - Sandblast             Erth           ###...       1%          1    None
b - Stone Arrow           Conj/Erth      ##....       14%         3    ###....
c - Lee's Rapid Deconstr  Erth           ###.......   36%         5    ######.


Dungeon Overview and Level Annotations

Branches:
Dungeon (3/15)

Altars:
Elyvilon
Fedhas
Ru

Annotations:
D:3 Firecrotchwizard's ghost, amateur GrFi


Innate Abilities, Weirdness & Mutations

You are resistant to torment.
Your stone body is resilient. (AC +4)
You are immune to poison.
You resist negative energy. (rN+)
You are resistant to electric shocks. (rElec)
You can survive without breathing.
You are immune to petrification.
You are immune to rotting.


Message History

Ouch! That really hurt!
* * * LOW HITPOINT WARNING * * *
You hit Firecrotchwizard's ghost but do no damage.
Firecrotchwizard's ghost is moderately damaged.
Firecrotchwizard's ghost hits you.
* * * LOW HITPOINT WARNING * * *
You feel much better. Firecrotchwizard's ghost hits you!
Casting: Sandblast
Confirm with . or Enter, or press ? or * to list all spells.
Aiming: Sandblast
Press: ? - help, Shift-Dir - straight line, f/p - Firecrotchwizard's ghost
Aim: Firecrotchwizard's ghost (moderately damaged)
The blast of sand hits Firecrotchwizard's ghost.
Firecrotchwizard's ghost is moderately damaged.
b - 109 stones Firecrotchwizard's ghost hits you!
You barely miss Firecrotchwizard's ghost.
Firecrotchwizard's ghost is moderately damaged.
Firecrotchwizard's ghost hits you!
You die...

#####..####..# #.##....# .#
.............# #.##.#.##...
..###.#....######.##........ #.#
#............<.....#########
#.#####....##.#.###.....##.....#
#...............###.....##.....#
.............._................#
#...............##.......#.....#
..#####....##...@W.......#.....##
#######......÷...........#.......
.....##...#########.....##.#####>
####.##...# ##.........###.
####.##...# ##..###.#.....
#.....(#### #..###.#..##.
#.##.### #......#..##.
#.##.########### ##.##........
.........≈≈≈...# #.......####


You could see Firecrotchwizard's ghost.

Vanquished Creatures
  A water moccasin zombie (D:3)
  6 adders
  An ooze (D:1)
  A worm (D:3)
  2 dart slugs (D:2)
  2 leopard geckos
  3 orcs (D:3)
  3 ball pythons
  3 giant cockroaches
  16 goblins
  7 hobgoblins
  5 jackals (D:2)
  A quokka (D:2)
  6 bats
  2 frilled lizards (D:1)
  8 kobolds
  8 rats
75 creatures vanquished.

Notes
Turn   | Place    | Note
-------+----------+-------------------------------------------
     0 | D:1      | JeffiDaFish the Gargoyle Earth Elementalist began the quest for the Orb.
     0 | D:1      | Reached XP level 1. HP: 10/10 MP: 3/3
   197 | D:1      | Reached XP level 2. HP: 10/15 MP: 1/5
   198 | D:1      | Reached skill level 4 in Earth Magic
   642 | D:1      | Reached XP level 3. HP: 17/19 MP: 6/6
   647 | D:1      | Learned a level 3 spell: Stone Arrow
   818 | D:2      | Reached XP level 4. HP: 21/24 MP: 8/8
   924 | D:2      | Found a blossoming altar of Fedhas.
   978 | D:2      | Reached skill level 5 in Earth Magic
  1364 | D:3      | Found a sacrificial altar of Ru.
  1466 | D:3      | Reached XP level 5. HP: 15/28 MP: 4/10
  1507 | D:3      | Noticed Firecrotchwizard's ghost (amateur GrFi)
  1791 | D:3      | Learned a level 5 spell: Lee's Rapid Deconstruction
  2017 | D:3      | Found a white marble altar of Elyvilon.
  2465 | D:3      | HP: 1/28 [Firecrotchwizard's ghost (1)]
  2468 | D:3      | Slain by Firecrotchwizard's ghost

Skill      XL: |  1  2  3  4  5 |
---------------+----------------+-----
Earth Magic    | 4 5 |  5.9
Spellcasting   | 3 4 |  4.0
Dodging        | |  1.5
Stealth        | |  2.1
Transmutations | |  0.7

Action                   |  1- 3 |  4- 6 || total
-------------------------+-------+-------++-------
Melee: Unarmed           |    14 |       ||    14
       Dagger            |    62 |   126 ||   188
       Short sword       |     7 |       ||     7
 Cast: Sandblast         |    10 |    22 ||    32
       Stone Arrow       |       |     4 ||     4
  Use: Scroll            |     2 |     4 ||     6
       Potion            |     1 |     2 ||     3
 Stab: Sleeping          |     2 |     5 ||     7
  Eat: Chunk             |       |     5 ||     5
Armor: Robe              |    19 |    53 ||    72
Dodge: Dodged            |    57 |   100 ||   157
